 Dungeon Crawl Stone Soup version 0.31.0-32-g396128a36d (webtiles) character file.

Game seed: 14616208352012959427

195 Killerpretzel the Changeling (level 5, 0/52 HPs)
             Began as an Octopode Shapeshifter on Mar 28, 2024.
             Slain by an ogre
             ... wielding a +0 giant club
              (14 damage)
             ... on level 4 of the Dungeon.
             The game lasted 00:04:29 (2869 turns).

Killerpretzel the Changeling (OpSh)                 Turns: 2869, Time: 00:04:30

Health: 0/52       AC: 22    Str: 13    XL:     5   Next: 74%
Magic:  5/5        EV:  2    Int: 13    God:
Gold:   170        SH:  0    Dex: 13    Spells: 4/4 levels left

rFire   . .          .
                       - Unarmed
rCold   . . .        (no shield)
rNeg    . . .        (helmet currently unavailable)
rPois   +            (no amulet)
rElec   .            (no ring)
rCorr   .            (no ring)
SInv    .            (no ring)
Will    .....        (no ring)
Stlth   +            (no ring)
HPRegen 0.28/turn    (no ring)
MPRegen 0.09/turn    (no ring)
                     (no ring)

%: no passive effects
@: tree-form
A: stationary, stasis, torment immunity, boosted hp, almost no armour,
(amphibious), 8 rings, (camouflage 1), (gelatinous body 1), (nimble swimmer 1),
(tentacles)
a: no special abilities


You were on level 4 of the Dungeon.
You were a tree.
You visited 1 branch of the dungeon, and saw 4 of its levels.

You collected 170 gold pieces.

Inventory:

Missiles
 f - 7 boomerangs (quivered)
 j - 8 stones
Talismans
 b - a beast talisman
 c - a flux talisman
Potions
 d - a potion of haste {unknown}
 e - 2 potions of attraction
 g - a potion of cancellation {unknown}
 h - a potion of curing {unknown}
 i - a potion of might {unknown}
 k - a potion of heal wounds {unknown}


   Skills:
 + Level 2.4 Fighting
 + Level 3.0 Dodging
 + Level 3.8 Unarmed Combat
 * Level 4.3 Shapeshifting


You had 4 spell levels left.
You didn't know any spells.
Your spell library contained the following spells:

 Spells                   Type           Power      Damage    Failure   Level
 Freeze                   Ice            0%         1d3       30%         1
 Dazzling Flash           Conj/Hex       0%         N/A       67%         3
 Frozen Ramparts          Ice            0%         1d1       67%         3
 Hailstorm                Conj/Ice       0%         3d5       67%         3
 Inner Flame              Hex/Fire       0%         N/A       67%         3
 Summon Ice Beast         Ice/Summ       0%         N/A       67%         3
 Volatile Blastmotes      Fire/Tloc      0%         2d10      67%         3
 Flame Wave               Conj/Fire      0%         2d4       97%         4
 Sticky Flame             Fire/Alch      0%         2d4       97%         4
 Vhi's Electric Charge    Tloc/Air       0%         N/A       97%         4
 Arcjolt                  Conj/Air       0%         1d10      100%        5
 Summon Mana Viper        Hex/Summ       0%         N/A       100%        5
 Starburst                Conj/Fire      0%         6d3       100%        6
 Monstrous Menagerie      Summ           0%         N/A       100%        7
 Maxwell's Capacitive Co  Air            0%         ∞         100%        8


Dungeon Overview and Level Annotations

Branches:
Dungeon (4/15)
 Temple: D:4-7

Altars:
Cheibriados
Elyvilon
Yredelemnul

Shops:
D:1 (   D:3 ?

Annotations:
D:3 3 runed translucent doors, exclusion: 3 doors, Pascal76's ghost, amateur MiFi


Innate Abilities, Weirdness & Mutations

You are a tree.
Your roots penetrate the ground, keeping you stationary.
You cannot be teleported.
You are immune to unholy pain and torment.
Your maximum health is greatly increased.
You cannot wear most types of armour.
((You are amphibious.))
You can wear up to eight rings at the same time.
((Your skin changes colour to match your surroundings (Stealth+).))
((Your rubbery body absorbs attacks. (AC +1, EV +1)))
((You are camouflaged when in or above water. (Stealth+)))
((You have tentacles for arms and can constrict up to eight enemies at once.))


Message History

a +0 dagger; an adder corpse; a goblin corpse Done exploring.
No target in view!
No target in view!
No target in view!
Done exploring.
There is a stone staircase leading down here.
You climb downwards.
There is a stone staircase leading up, spattered with blood here.
No target in view!
No target in view!
No target in view!
i - a brown potion No target in view!
No target in view!
No target in view!
j - 8 stones (gained 4)
You now have 170 gold pieces (gained 16).
You see here a +0 dagger.
f - 7 boomerangs (gained 4)
An ogre comes into view. It is wielding a +0 giant club.
You throw a boomerang. The boomerang hits the ogre.
The ogre shouts!
The ogre is lightly wounded.
You tentacle-slap the ogre.
The ogre is lightly wounded.
The ogre hits you with a +0 giant club!!
Ouch! That really hurt!
You are too injured to fight recklessly!
An ogre is nearby!
You aren't carrying any scrolls.
Your transformation has ended.
You turn into a tree.
Your roots penetrate the ground.
You hit the ogre.
The ogre is lightly wounded.
The ogre hits you with a +0 giant club.
You smack the ogre!
The ogre is heavily wounded.
The ogre hits you with a +0 giant club!
You die...

#<# #.# #.# #.#
##################
.#.......#.......#
.#.#####.#.#####.#
.#.#...#.#.#...#.#
.#.#.#...#.# #.O♣#
##.#.#####.# #####
...#.......#
############


You could see an ogre.

Vanquished Creatures
  A hound (D:3)
  2 orc priests
  3 adders
  A dart slug (D:3)
  2 ribbon worms (D:2)
  11 orcs
  8 bats
  An endoplasm (D:1)
  2 giant cockroaches
  4 goblins
  3 hobgoblins
  5 jackals
  5 quokkas
  3 ball pythons
  3 frilled lizards
  2 kobolds
  8 rats
64 creatures vanquished.

Notes
Turn   | Place    | Note
-------+----------+-------------------------------------------
     0 | D:1      | Killerpretzel the Octopode Shapeshifter began the quest for
                  | the Orb.
     0 | D:1      | Reached XP level 1. HP: 13/13 MP: 1/1
    70 | D:1      | Found Sassibb's Weapon Boutique.
    77 | D:1      | Reached XP level 2. HP: 18/18 MP: 2/2
   502 | D:2      | Reached XP level 3. HP: 23/23 MP: 3/3
   649 | D:2      | Reached XP level 4. HP: 29/29 MP: 4/4
   766 | D:2      | Found a white marble altar of Elyvilon.
  1487 | D:3      | Found a runed translucent gate.
  1488 | D:3      | Noticed a kobold brigand
  1488 | D:3      | Noticed Pascal76's ghost (amateur MiFi)
  1804 | D:3      | Found Xezakk's Magic Scroll Boutique.
  1982 | D:3      | Reached skill level 4 in Shapeshifting
  1982 | D:3      | Reached XP level 5. HP: 28/34 MP: 5/5
  2039 | D:3      | Found a runed translucent gate.
  2040 | D:3      | Found a runed translucent gate.
  2151 | D:3      | Found a basalt altar of Yredelemnul.
  2159 | D:3      | Found a snail-covered altar of Cheibriados.
  2864 | D:4      | Noticed an ogre
  2869 | D:4      | Slain by an ogre

Illustrated notes

Levels and vault maps discovered:
D:1:      eino_arrival_water_star, layout_rooms, serial_shops,
          nicolae_shop_waterfront
D:2:      cheibrodos_pilgrimage, layout_loops_ring, basic_altar
D:3:      layout_loops_ring, amethyst_overflow_temple_binary, serial_shops,
          shop, gammafunk_ghost_nasty_kobolds
D:4:      layout_loops_ring, nicolae_elemental_shop, hex_large,
          patterned_corridor

Skill      XL: |  1  2  3  4  5 |
---------------+----------------+-----
Fighting       | 2 |  2.4
Shapeshifting  | 4 |  4.3
Dodging        | 3 |  3.0
Unarmed Combat | |  3.8

Action                     |  1- 3 |  4- 6 || total
---------------------------+-------+-------++-------
  Melee: Unarmed           |    44 |    62 ||   106
         Constrict         |    14 |    15 ||    29
         Tentacles         |    10 |    10 ||    20
         Punch             |       |     2 ||     2
  Throw: Stone             |     4 |     9 ||    13
         Boomerang         |       |    36 ||    36
    Use: Scroll            |     1 |     3 ||     4
         Potion            |       |     2 ||     2
   Stab: Sleeping          |     2 |     1 ||     3
 Armour: Skin              |    13 |    37 ||    50
  Dodge: Dodged            |    25 |    25 ||    50
